 Dungeon Crawl Stone Soup version 0.29-a0-830-gcb1280458a (webtiles) character file.

Game seed: 1492321639154124765

180 buhh the Insei (level 5, -2/54 HPs)
             Began as an Octopode Transmuter on July 11, 2022.
             Was an Initiate of Cheibriados.
             Succumbed to a gnoll sergeant's poison
             ... on level 5 of the Dungeon.
             The game lasted 00:02:48 (4547 turns).

buhh the Insei (Octopode Transmuter)                Turns: 4547, Time: 00:02:49

Health: -2/54      AC: 22    Str: 10    XL:     5   Next: 60%
Magic:  5/8        EV:  2    Int: 19    God:    Cheibriados [......]
Gold:   250        SH:  0    Dex: 13    Spells: 2/8 levels left

rFire   . . .      SeeInvis .     - Unarmed
rCold   . . .      Faith    .   (no shield)
rNeg    . . .      Spirit   .   (helmet currently unavailable)
rPois   +          Reflect  .   (no amulet)
rElec   .          Harm     .   w - ring of willpower
rCorr   .          Rampage  .   (no ring)
Will    +....      NoTele   +   (no ring)
Stlth   ++........              (no ring)
HPRegen 0.18/turn               (no ring)
MPRegen 0.11/turn               (no ring)
                                (no ring)
                                (no ring)

@: lethally poisoned (-2 -> -47), tree-form, very slow
A: stationary, stasis, torment immunity, boosted hp, almost no armour,
(amphibious), 8 rings, (camouflage 1), (gelatinous body 1), (nimble swimmer 1),
(tentacles)
a: Renounce Religion


You were on level 5 of the Dungeon.
You worshipped Cheibriados.
Cheibriados was noncommittal.
You were a tree.
You visited 2 branches of the dungeon, and saw 6 of its levels.

You collected 250 gold pieces.

Inventory:

Missiles
 t - 15 poisoned darts
Jewellery
 w - a ring of willpower (left branch)
 x - a +4 ring of evasion
Wands
 o - a wand of polymorph (8)
 z - a wand of roots (6)
 E - a wand of flame (17)
Scrolls
 a - a scroll of poison {unknown}
 b - 2 scrolls of torment {unknown}
 c - 2 scrolls of fear {unknown}
 d - a scroll of amnesia {unknown}
 e - 6 scrolls of identify {unknown}
 f - a scroll of vulnerability {unknown}
 h - 3 scrolls of fog {unknown}
 j - 2 scrolls of acquirement {unknown}
 m - a scroll of noise {unknown}
 p - a scroll of enchant armour {unknown}
 r - a scroll of teleportation {unknown}
Potions
 g - a potion of invisibility {unknown}
 i - 2 potions of flight {unknown}
 k - a potion of mutation {unknown}
 l - 4 potions of curing {unknown}
 n - a potion of lignification {!d}
 q - a potion of resistance {unknown}
 s - 2 potions of brilliance {unknown}
 u - a potion of berserk rage {unknown}
 v - a potion of magic {unknown}


   Skills:
 + Level 2.8 Fighting
 + Level 3.4 Dodging
 - Level 2.0 Stealth
 + Level 4.1 Unarmed Combat
 - Level 2.0 Spellcasting
 - Level 2.0 Transmutations
 - Level 1.0 Poison Magic


You had 2 spell levels left.
You knew the following spells:

 Your Spells              Type           Power      Damage    Failure   Level
a - Beastly Appendage     Tmut           18%        N/A       8%          1
b - Wereblood             Tmut           9%         N/A       11%         2
c - Spider Form           Tmut/Pois      7%         N/A       26%         3

Your spell library contained the following spells:

 Spells                   Type           Power      Damage    Failure   Level
 Slow                     Hex            4%         N/A       17%         1
 Blink                    Tloc           2%         N/A       26%         2
 Confusing Touch          Hex            1%         N/A       45%         3
 Vampiric Draining        Necr           1%         2d6       45%         3
 Ice Form                 Ice/Tmut       5%         N/A       73%         4
 Manifold Assault         Tloc           1%         N/A       99%         5
 Storm Form               Tmut/Air       2%         N/A       100%        7


Dungeon Overview and Level Annotations

Branches:
Dungeon (5/15) Zot: 38587  Temple (1/1) D:4 Zot: 8943

Altars:
Cheibriados
Dithmenos
Elyvilon
Hepliaklqana
Ru
Trog
Vehumet
Wu Jian
Xom
Zin

Shops:
D:4 (

Annotations:
D:4 exclusion: downstairs


Innate Abilities, Weirdness & Mutations

You are a tree.
Your roots penetrate the ground, keeping you stationary.
You cannot be teleported.
You are immune to unholy pain and torment.
Your maximum health is greatly increased.
You cannot wear most types of armour.
((You are amphibious.))
You can wear up to eight rings at the same time.
((Your skin changes colour to match your surroundings (Stealth+).))
((Your rubbery body absorbs attacks. (AC +1, EV +1)))
((You are camouflaged when in or above water. (Stealth+)))
((You have tentacles for arms and can constrict up to eight enemies at once.))


Message History

You start resting.
Magic restored.
You start resting.
HP restored.
You start waiting.
Done waiting.
One of your tentacles grows a vicious spike.
You miscast Spider Form.
You are very lightly contaminated with residual magic.
Nothing appears to happen.
You start resting.
Your transformation is almost over.
You start resting.
Your magical contamination has completely faded away.
You start resting.
Your tentacle spike disappears.
You start resting.
Magic restored.
You turn into a venomous arachnid creature.
You climb downwards.
There is a stone staircase leading up here.
Your transformation is almost over.
The gnoll sergeant throws a stone.
The stone hits you!
A gnoll comes into view. It is wielding a +0 club.
The gnoll moves out of view.
The gnoll hits you from afar with a +0 spear.
The gnoll sergeant hits you with a +1 trident of venom!
You are lethally poisoned!
You hit the gnoll sergeant.
The gnoll sergeant is poisoned.
The gnoll sergeant is lightly wounded.
* * * LOW HITPOINT WARNING * * *
You feel very sick.
The gnoll sergeant hits you with a +1 trident of venom.
* * * LOW HITPOINT WARNING * * *
You are more poisoned.
The gnoll completely misses you.
Really quaff the potion of lignification?
Your transformation has ended.
You turn into a tree.
Your roots penetrate the ground.
You die...

#..<.# #.#
.ggg....#
#.#
#.....#.#
#.#
##.#.....g
#.# #.
5##.# #
#.# .. l.
.!g ###.#
.. .. ...
#.<.# ###
### ##
#.### #♣#
#g# ## #g#
..g #.#
.g. #.# ..
#.# #g#.#
#...#
#..##


You could see a gnoll sergeant (very poisoned) and a gnoll.

Vanquished Creatures
  An iguana (D:4)
  8 adders
  2 worms
  7 dart slugs
  An orc (D:3)
  6 endoplasms
  5 giant cockroaches
  4 goblins
  4 hobgoblins
  A jackal (D:4)
  A quokka (D:4)
  6 ball pythons
  4 bats
  4 frilled lizards
  9 kobolds
  5 rats
  A spectral kobold (D:1)
69 creatures vanquished.

Notes
Turn   | Place    | Note
-------+----------+-------------------------------------------
     0 | D:1      | buhh the Octopode Transmuter began the quest for the Orb.
     0 | D:1      | Reached XP level 1. HP: 13/13 MP: 3/3
    77 | D:1      | Found a faded altar of an unknown god.
   901 | D:2      | Reached skill level 1 in Stealth
   901 | D:2      | Reached XP level 2. HP: 16/18 MP: 3/5
   904 | D:2      | Reached skill level 1 in Poison Magic
  1214 | D:2      | Found a shadowy altar of Dithmenos.
  1333 | D:2      | Reached XP level 3. HP: 15/23 MP: 4/6
  1921 | D:3      | Learned a level 2 spell: Wereblood
  1928 | D:3      | Learned a level 3 spell: Spider Form
  2069 | D:3      | Reached XP level 4. HP: 17/29 MP: 7/7
  3120 | D:3      | Reached XP level 5. HP: 35/35 MP: 6/8
  3587 | D:4      | Found a staircase to the Ecumenical Temple.
  3596 | Temple   | Entered the Ecumenical Temple
  3617 | Temple   | Became a worshipper of Cheibriados the Contemplative
  3683 | D:4      | Found a bloodstained altar of Trog.
  3683 | D:4      | Found a hazy altar of Hepliaklqana.
  3717 | D:4      | Reached skill level 4 in Unarmed Combat
  3781 | D:4      | Found Pega's Weapon Emporium.
  3857 | D:4      | Found a radiant altar of Vehumet.
  4283 | D:5      | Entered Level 5 of the Dungeon
  4547 | D:5      | Succumbed to a gnoll sergeant's poison

Illustrated notes

Levels and vault maps discovered:
D:1:      heliophobic_arrival_battle_scene, layout_loops_cross,
          dreamdust_ecumenical_altar_drowned_temple, kennysheep_doodads
D:2:      layout_loops_ring, basic_altar
D:3:      layout_loops_ring, amcnicky_mini_pool_small, minmay_between
D:4:      layout_rooms, mainiacjoe_overflow_small_starburst,
          jmf_multi_god_temple, minmay_temple_entry_statues_pillars,
          serial_shops, nicolae_shop_bloodbath_and_beyond
D:5:      layout_loops_ring, lemuel_mausoleum_altar_kikubaaqudgha,
          uniq_eustachio
Temple:   nicolae_temple_superstar

Skill      XL: |  1  2  3  4  5 |
---------------+----------------+-----
Stealth        | 1 2 |  2.0
Poison Magic   | 1 |  1.0
Fighting       | 2 |  2.8
Dodging        | 3 |  3.4
Unarmed Combat | 4 |  4.1
Spellcasting   | |  2.0
Transmutations | |  2.0

Action                   |  1- 3 |  4- 6 || total
-------------------------+-------+-------++-------
Melee: Unarmed           |    79 |    70 ||   149
       Constrict         |    18 |    21 ||    39
       Tentacles         |    17 |    15 ||    32
       Punch             |     3 |     3 ||     6
       Kick              |    13 |    19 ||    32
 Cast: Beastly Appendage |    28 |    26 ||    54
       Spider Form       |       |     1 ||     1
  Use: Potion            |       |     2 ||     2
 Stab: Sleeping          |     6 |     6 ||    12
Armor: Skin              |     5 |    13 ||    18
Dodge: Dodged            |    40 |    54 ||    94

Table legend: (Time is in decaauts)
 A = Elapsed time spent in this place.
 B = Non-inter-level travel time spent in this place.
 C = Inter-level travel time spent in this place.
 D = Time resting spent in this place.
 E = Time spent auto-exploring this place.
 F = Levels seen in this place.
 G = Mean time per level.
                   A        B        C        D        E       F      G
               +--------+--------+--------+--------+--------+-----+--------+
         Total |   4665 |   4483 |    182 |    484 |   3431 |   6 |  777.5 |
       Dungeon |   4619 |   4462 |    157 |    484 |   3422 |   5 |  923.8 |
        Temple |     45 |     21 |     24 |      0 |      9 |   1 |   45.0 |
               +--------+--------+--------+--------+--------+-----+--------+

Top non-repeatable levels by time:
     D:3: 1661 daAuts
     D:4: 1024 daAuts
     D:2: 1015 daAuts
     D:1: 878 daAuts
  Temple: 45 daAuts
     D:5: 39 daAuts
